[Event "Team 45 45 League T28"]
[Site "Internet Chess Club"]
[Date "2005.09.24"]
[Round "2"]
[White "Bug"]
[Black "MiroslavR"]
[Result "1-0"]
[WhiteElo "2191"]
[BlackElo "1966"]
[TimeControl "2700+45"]

1. e4 e6 2. Nc3 d5 3. Nf3 Nf6 4. e5 Nfd7 5. d4 c5 6. dxc5 Nc6 7. Bf4 Bxc5 8. Bd3
f6 9. exf6 Nxf6 10. O-O O-O 11. Bg3 Nh5 12. Qe2 Nxg3 13. hxg3 Bd7 14. a3 Nd4 15.
Nxd4 Bxd4 16. Bxh7+ Kxh7 17. Qd3+ Kg8 18. Qxd4 Rf6 19. Rad1 Qc7 20. Rfe1 Bc6 21.
Re5 Raf8 22. f3 b6 23. Rde1 Qf7 24. Ne2 Qg6 25. Qd2 Be8 26. Kf2 Bf7 27. Rh1 Rc8
28. c3 Rf5 29. Rxf5 Qxf5 30. Nd4 Qf6 31. f4 e5 32. Nf3 e4 33. Ne5 Re8 34. Qd4 g5
35. Nf3 Qxd4+ 36. Nxd4 gxf4 37. gxf4 Kg7 38. Ke3 Rg8 39. g4 Kf8 40. g5 Rg6 41.
Rg1 Rg8 42. Rh1 Rg6 43. Rg1 Rg8 44. f5 Rh8 45. Rg2 Rh3+ 46. Kf4 Ke7 47. Ke5 e3
48. g6 Bg8 49. f6+ Ke8 50. f7+ Bxf7 51. gxf7+ Kxf7 52. Kxd5 Rh4 53. Re2 Rf4 54.
Rxe3 Rf2 55. Rf3+ {Black resigns} 1-0

[Event "Team 45 45 League T28"]
[Site "Internet Chess Club"]
[Date "2005.09.24"]
[Round "2"]
[White "Gandalf"]
[Black "nateinstein"]
[Result "1-0"]
[WhiteElo "1928"]
[BlackElo "1905"]
[TimeControl "2700+45"]

1. d4 d5 2. Nf3 Nf6 3. Bg5 Nbd7 4. e3 Ne4 5. Bf4 Ndf6 6. Nbd2 Nxd2 7. Qxd2 Ne4
8. Qd1 c6 9. Bd3 Bg4 10. O-O e6 11. c4 Bd6 12. Bxd6 Qxd6 13. cxd5 exd5 14. Re1
O-O 15. Be2 f6 16. Rc1 a5 17. Qb3 Bxf3 18. gxf3 Nxf2 19. Bf1 f5 20. Kxf2 Qxh2+
21. Bg2 f4 22. e4 Qg3+ 23. Kf1 a4 24. Qxb7 Rab8 25. Qxc6 Rxb2 26. Rc2 a3 27.
Qxd5+ Kh8 28. Rxb2 axb2 29. Qb3 h5 30. Qxb2 h4 31. Qf2 Qh2 32. Ke2 Rb8 33. Kd3
Qg3 34. Qxg3 hxg3 35. Re2 g5 36. Bh3 Kg7 37. e5 Kf7 38. e6+ Ke7 39. Ke4 Ra8 40.
d5 Ra3 41. Bg4 Kd6 42. Kf5 Re3 43. Rd2 Re5+ 44. Kf6 g2 45. Rxg2 Rxd5 46. e7 Rf5+
{Black resigns} 1-0

[Event "Team 45 45 League T28"]
[Site "Internet Chess Club"]
[Date "2005.09.26"]
[Round "2"]
[White "orkid"]
[Black "rayonline53"]
[Result "0-1"]
[WhiteElo "1745"]
[BlackElo "1632"]
[TimeControl "2700+45"]

1. e4 c6 2. d4 d5 3. exd5 cxd5 4. c4 Nf6 5. Nc3 e6 6. Nf3 Nc6 7. Be2 Be7 8. O-O
O-O 9. Re1 h6 10. a3 Re8 11. cxd5 Nxd5 12. Qc2 Bd7 13. Ne5 Nxd4 14. Qe4 Nxe2+
15. Nxe2 Bf6 16. Ng3 Rc8 17. Nh5 Bc6 18. Nxc6 Rxc6 19. Nxf6+ Qxf6 20. Rb1 Rec8
21. Be3 Nxe3 22. Qxe3 b6 23. a4 Rc2 24. b4 R8c3 25. Qe4 Qxf2+ 26. Kh1 Rc7 27.
Rbd1 Rd2 28. Rxd2 Qxd2 29. h3 Qd5 30. Qb1 Qf5 31. Qd1 Qc2 32. Qd6 Qc6 33. Qf4
Qd7 34. a5 bxa5 35. bxa5 Rc5 36. Qb4 Qb5 37. Qd4 Qxa5 38. Ra1 Qc7 39. Qe3 a5 40.
Qd2 a4 41. Qe3 Rc3 42. Qd2 a3 43. Kg1 Qc6 44. Ra2 Qc5+ 45. Kh2 Qc7+ 46. Kg1 Rc1+
47. Kf2 Qc5+ 48. Kg3 Qe5+ 49. Kf2 Qf6+ 50. Kg3 Rc3+ 51. Kh2 Rb3 52. Qd6 Qc3 53.
Kg1 Qd3 54. Qxd3 Rxd3 55. Kf1 Rb3 56. Kg1 Kh7 57. Kh2 Kg6 {White resigns} 0-1

[Event "Team 45 45 League T28"]
[Site "Internet Chess Club"]
[Date "2005.09.25"]
[Round "2"]
[White "indiadar"]
[Black "Plattner"]
[Result "0-1"]
[WhiteElo "2004"]
[BlackElo "1974"]
[TimeControl "2700+45"]

1. e4 e6 2. d4 d5 3. Nc3 Bb4 4. e5 c5 5. a3 Bxc3+ 6. bxc3 Ne7 7. Nf3 Nbc6 8. Bd3
c4 9. Be2 Bd7 10. Rb1 b6 11. O-O Na5 12. Bg5 h6 13. Bh4 g5 14. Bg3 Nf5 15. Nd2
Qe7 16. Ra1 O-O-O 17. Bh5 Ng7 18. f4 Nf5 19. Qf3 Rdf8 20. Bf2 Ng7 21. Kh1 Be8
22. Be3 Nxh5 23. Qxh5 f5 24. exf6 Qxf6 25. Qe2 Qg7 26. fxg5 hxg5 27. Qg4 Bd7 28.
Qxg5 Rxf1+ 29. Nxf1 Qh7 30. Qf6 Nc6 31. Bf4 Rg8 32. Ne3 Qe4 33. Qf7 Re8 34. Re1
e5 35. dxe5 Nxe5 36. Bxe5 Rxe5 37. Qf3 Qg6 38. Rf1 Bc6 39. Ng4 Re8 40. h3 d4 41.
Qf6 Qe4 42. Qf5+ Qxf5 43. Rxf5 Re2 44. Rf2 d3 45. cxd3 cxd3 46. Rf8+ Kb7 47. Nf2
d2 48. h4 Rxf2 {White resigns} 0-1

[Event "Team 45 45 League T28"]
[Site "Internet Chess Club"]
[Date "2005.09.26"]
[Round "2"]
[White "fileman"]
[Black "Ser-Enigma"]
[Result "1/2-1/2"]
[WhiteElo "1910"]
[BlackElo "2029"]
[TimeControl "2700+45"]

1. e4 c5 2. Nf3 d6 3. Bb5+ Bd7 4. Nc3 Nf6 5. Bxd7+ Qxd7 6. d4 cxd4 7. Qxd4 Nc6
8. Qd1 g6 9. O-O Bg7 10. Re1 O-O 11. Bg5 Ng4 12. h3 Bxc3 13. bxc3 Nge5 14. Nxe5
Nxe5 15. f4 Nc6 16. f5 f6 17. Bh6 Rf7 18. Qd5 Re8 19. Rad1 e6 20. fxe6 Rxe6 21.
Bf4 Ne7 22. Qd4 Nc8 23. e5 fxe5 24. Bxe5 Rfe7 25. Bg3 Rxe1+ 26. Rxe1 Rxe1+ 27.
Bxe1 Qe6 28. Bd2 Qxa2 29. c4 Qb1+ 30. Kh2 Qf1 31. Bf4 Ne7 32. Qxd6 Qxc4 33. Bg5
Nf5 34. Qb8+ Kg7 35. Qxb7+ Qf7 36. Qb2+ Kg8 37. Qb8+ Kg7 38. Bd2 Qd7 39. Qe5+
Kf7 40. Bf4 Qd4 41. Qc7+ Ke6 42. c4 Nd6 43. Bg3 Nxc4 44. Qxh7 Ne5 45. Qg8+ Kf5
46. Qf8+ Ke4 47. Qa8+ Kd3 48. Qe8 Ke4 49. Qa8+ Kd3 50. Qb7 Ke3 51. Qb1 Nd3 52.
Bb8 a5 53. Bc7 Ke4 54. Qb7+ Kf5 55. Qb5+ Ne5 56. Qxa5 Qf4+ 57. Kg1 Qe3+ 58. Kf1
Qd3+ 59. Ke1 Qe3+ 60. Kd1 Qd3+ 61. Kc1 Qf1+ 62. Kd2 Qxg2+ 63. Ke1 Qe4+ 64. Kf2
Qd4+ 65. Kg2 {Game drawn by mutual agreement} 1/2-1/2

[Event "Team 45 45 League T28"]
[Site "Internet Chess Club"]
[Date "2005.10.01"]
[Round "2"]
[White "JaiHanuman"]
[Black "LoseOften"]
[Result "1/2-1/2"]
[WhiteElo "1930"]
[BlackElo "1878"]
[TimeControl "2700+45"]

1. e4 c5 2. Nf3 d6 3. b3 Nc6 4. Bb2 e5 5. Bd3 Nf6 6. h3 Be7 7. c3 O-O 8. Bc2 Nh5
9. Nxe5 Nf4 10. Nxc6 bxc6 11. g3 Nxh3 12. d4 f5 13. exf5 Bxf5 14. Rxh3 Bxh3 15.
Qh5 Bf5 16. Bxf5 g6 17. Bxg6 hxg6 18. Qxg6+ Kh8 19. Qh6+ Kg8 20. Qg6+ Kh8 21.
Qh6+ Kg8 22. Qg6+ {Game drawn by repetition} 1/2-1/2

[Event "Team 45 45 League T28"]
[Site "Internet Chess Club"]
[Date "2005.09.23"]
[Round "2"]
[White "LittleTom"]
[Black "kingfischer57"]
[Result "1-0"]
[WhiteElo "1827"]
[BlackElo "1795"]
[TimeControl "2700+45"]

1. e4 e6 2. d4 d5 3. exd5 exd5 4. c4 Nf6 5. Nc3 Bb4 6. a3 Bxc3+ 7. bxc3 O-O 8.
Nf3 Re8+ 9. Be2 dxc4 10. O-O b5 11. a4 c6 12. Ne5 Bb7 13. Bf3 Qc8 14. Re1 Nbd7
15. Bg5 Nd5 16. Bxd5 cxd5 17. Nxd7 Qxd7 18. axb5 Qxb5 19. Rb1 Qd7 20. Be3 a5 21.
Ra1 a4 22. Qc1 Bc6 23. Ra3 Reb8 24. Qc2 Rb3 25. Raa1 Qb7 26. Bf4 Rb2 27. Qf5 Qd7
28. Qg5 Re8 29. Be5 g6 30. Qf6 Rxe5 31. Rxe5 Rb7 32. Rae1 a3 33. Re7 Qxe7 34.
Qxe7 Rxe7 35. Rxe7 a2 36. Ra7 Kg7 37. Rxa2 h5 38. f4 Bd7 39. Ra5 Be6 40. Kf2 Kf6
41. Kg3 Kf5 42. Kf3 Kf6 43. h3 Kf5 44. g4+ hxg4+ 45. hxg4+ Kf6 46. Kg3 Kg7 47.
Kh4 Kf6 48. Rb5 Kg7 49. Kg5 f6+ 50. Kh4 Bf7 51. Rb7 Kf8 52. g5 f5 53. Kg3 Kg7
54. Kf2 Kf8 55. Ke1 Ke8 56. Kd2 Be6 57. Kc2 Bd7 58. Kb2 Ke7 59. Ka3 Kd6 60. Kb4
Ke7 61. Kc5 Ke6 62. Rxd7 Kxd7 63. Kxd5 {Black resigns} 1-0